 Dungeon Crawl Stone Soup version 0.15-a0-1866-g491fd59 (webtiles) character file.

343 Charly the Changer (level 6, -2/47 HPs)
             Began as a Merfolk Transmuter on July 3, 2014.
             Was an Initiate of Kikubaaqudgha.
             Slain by a quokka (5 damage)
             ... on Level 5 of the Dungeon.
             The game lasted 00:21:23 (1727 turns).

Charly the Changer (Merfolk Transmuter)             Turns: 1727, Time: 00:21:23

HP  -2/47        AC  2     Str 10      XL: 6   Next: 57%
MP   8/10        EV 21     Int 14      God: Kikubaaqudgha [......]
Gold 175         SH  0     Dex 20      Spells:  3 memorised,  3 levels left

rFire  . . .     SeeInvis .       - Unarmed
rCold  . . .     Clarity  .     c - melded +0 robe
rNeg   . . .     rCorr    .     (shield currently unavailable)
rPois  x         rRot     .     (helmet currently unavailable)
rElec  .         Spirit   .     (cloak currently unavailable)
SustAb .         Warding  .     (gloves currently unavailable)
rMut   .         Stasis   .     (boots currently unavailable)
Gourm  .                        (no amulet)
MR     .....                    (no ring)
                                (no ring)

@: spider-form, not resistant to hostile enchantments, unstealthy
A: (change form in water), (swift swim), breathe flames 1, robust 1,
(electricity resistance)
a: End Transformation, Renounce Religion, Breathe Fire


You were on level 5 of the Dungeon.
You worshipped Kikubaaqudgha.
Kikubaaqudgha was noncommittal.
You were not hungry.
You were in spider-form.
You visited 2 branches of the dungeon, and saw 6 of its levels.

You collected 175 gold pieces.

Inventory:

Hand weapons
 i - a +1 sling
Missiles
 b - 18 arrows
 l - 16 poisoned needles
Armour
 c - a +0 robe (melded)
 j - a +3 ring mail of positive energy
Comestibles
 a - 2 bread rations
 f - a meat ration
 p - 2 fruits
Scrolls
 h - a scroll of enchant armour
 m - a scroll of enchant weapon
Potions
 o - a potion of flight
 s - 2 potions of brilliance
 t - a potion of curing {unknown}
Books
 d - a book of Changes

   Spells                             Type                      Level
   *Beastly Appendage                 Transmutation                1
   *Sticks to Snakes                  Transmutation                2
   *Spider Form                       Transmutation/Poison         3
   Ice Form                           Ice/Transmutation            4
   Blade Hands                        Transmutation                5


   Skills:
 - Level 1.1 Fighting
 - Level 2.6 Dodging
 + Level 5.6 Unarmed Combat
 - Level 2.0 Spellcasting
 + Level 6.1 Transmutations
 * Level 2.5 Poison Magic


You had 3 spell levels left.
You knew the following spells:

 Your Spells              Type           Power        Failure   Level  Hunger
b - Beastly Appendage     Trmt           ###...       8%          1    ##.....
s - Sticks to Snakes      Trmt           ###.......   10%         2    ###....
S - Spider Form           Trmt/Pois      ##........   32%         3    ####...


Dungeon Overview and Level Annotations

Branches:
Dungeon (5/15)             Temple (1/1) D:4

Altars:
Dithmenos
Gozag
Kikubaaqudgha
Okawaru
Qazlal
Sif Muna

Annotations:
D:4 gmfino's ghost, average SpEn


Innate Abilities, Weirdness & Mutations

((You revert to your normal form in water.))*
((You are very nimble and swift while swimming.))*
You can breathe flames.
You are robust (+10% HP).
((You are resistant to electric shocks.))*


Message History

The centaur is heavily wounded.
The centaur completely misses you. The quokka misses you.
The orc completely misses you.
Drink which item? (? for menu, Esc to quit)
Okay, then.
You bite the centaur!
The centaur is almost dead.
The centaur completely misses you. The quokka completely misses you.
The centaur barely misses you. The orc hits you.
* * * LOW HITPOINT WARNING * * *
You bite the centaur!
You kill the centaur!
Kikubaaqudgha accepts your kill.
Your Transmutations skill increases to level 6!
The quokka closely misses you.
You hit the quokka.
The quokka is moderately wounded.
The quokka bites you.
You die...
Kikubaaqudgha rasps: "You have failed me!
Welcome... death!"

.# #. .# ([
#%# #( ##..#
#.# ##..# .(#
#..# ##(# ###
#..####o)#
#.. #.....rs#
#'# ##...####
♣♣.♣ ##.)##
########♣#.#
#...##
##...)))).._.
##...##
#...#####♣#.#
###.%## #..##
♣♣.♣ ##%.##
##.## ##+#
##..###..#
##...
##..##..#
#..##


You could see an orc and a quokka.

Vanquished Creatures
  Edmund (D:5)
  A centaur (D:5)
  An iguana (D:4)
  An orc priest (D:5)
  A gnoll (D:3)
  An adder (D:4)
  A giant gecko (D:4)
  8 orcs
  3 hobgoblins
  7 jackals
  A ball python (D:4)
  2 bats
  2 giant cockroaches
  4 giant newts
  A goblin (D:4)
  A jackal skeleton (D:5)
  4 kobolds
  A kobold skeleton (D:4)
  An orc skeleton (D:4)
  6 rats
48 creatures vanquished.

Vanquished Creatures (collateral kills)
  3 gnolls (D:3)
  An adder (D:2)
  An orc (D:5)
  A hobgoblin (D:3)
  A rat (D:3)
7 creatures vanquished.

Grand Total: 55 creatures vanquished

Notes
Turn   | Place    | Note
--------------------------------------------------------------
     0 | D:1      | Charly, the Merfolk Transmuter, began the quest for the Orb.
     0 | D:1      | Reached XP level 1. HP: 15/15 MP: 3/3
   372 | D:2      | Reached XP level 2. HP: 21/21 MP: 4/4
   376 | D:2      | Learned a level 2 spell: Sticks to Snakes
   429 | D:2      | Reached skill level 4 in Unarmed Combat
   522 | D:3      | Reached XP level 3. HP: 26/26 MP: 6/6
   610 | D:3      | Learned a level 3 spell: Spider Form
   763 | D:4      | Reached skill level 5 in Unarmed Combat
   763 | D:4      | Reached XP level 4. HP: 19/32 MP: 3/7
   969 | D:4      | Found a stormy altar of Qazlal.
   983 | D:4      | Found a staircase to the Ecumenical Temple.
   991 | D:4      | Reached skill level 1 in Poison Magic
  1005 | Temple   | Entered the Ecumenical Temple
  1036 | Temple   | Became a worshipper of Kikubaaqudgha
  1097 | D:4      | Noticed an earth elemental
  1098 | D:4      | Noticed a water elemental
  1098 | D:4      | Noticed a fire elemental
  1098 | D:4      | Noticed an air elemental
  1107 | D:4      | Noticed gmfino's ghost (average SpEn)
  1124 | D:5      | Entered Level 5 of the Dungeon
  1160 | D:5      | Gained mutation: You are robust (+10% HP). [potion of mutation]
  1160 | D:5      | Gained mutation: You can breathe flames. [potion of mutation]
  1160 | D:5      | Gained mutation: You are resistant to electric shocks. [potion of mutation]
  1180 | D:5      | Found a deep blue altar of Sif Muna.
  1180 | D:5      | Noticed Edmund
  1248 | D:5      | Killed Edmund
  1248 | D:5      | Reached skill level 5 in Transmutations
  1248 | D:5      | Reached XP level 5. HP: 19/40 MP: 0/9
  1485 | D:5      | Reached XP level 6. HP: 34/47 MP: 0/10
  1713 | D:5      | Noticed a centaur
  1725 | D:5      | HP: 2/47 [orc (2)]
  1726 | D:5      | Killed a centaur
  1726 | D:5      | Reached skill level 6 in Transmutations
  1727 | D:5      | Slain by a quokka

Action                   |  1- 3 |  4- 6 || total
-------------------------+-------+-------++-------
Melee: Unarmed           |    29 |    65 ||    94
Throw: Tomahawk          |    30 |    33 ||    63
 Cast: Beastly Appendage |    12 |     6 ||    18
       Sticks to Snakes  |     4 |    10 ||    14
       Spider Form       |     1 |     3 ||     4
 Abil: Breathe Fire      |       |     3 ||     3
  Use: Scroll            |       |    10 ||    10
       Potion            |       |     1 ||     1
